 Dungeon Crawl Stone Soup version 0.19.5 (webtiles) character file.

119 chlorine the Shooter (level 4, -4/36 HPs)
             Began as a Centaur Hunter on Apr 13, 2017.
             Hit by a stone thrown by a gnoll (7 damage)
             ... on level 2 of the Dungeon on Apr 15, 2017.
             The game lasted 00:29:02 (2956 turns).

chlorine the Shooter (Centaur Hunter)               Turns: 2956, Time: 00:29:02

Health: -4/36      AC:  4    Str: 15    XL:     4   Next: 73%
Magic:  4/4        EV:  9    Int: 10    God:
Gold:   122        SH:  0    Dex: 10    Spells: 0 memorised, 3 levels left

rFire  . . .     SeeInvis .     b - +0 short sword
rCold  . . .     Gourm    .     c - +0 leather armour
rNeg   . . .     Faith    .     (no shield)
rPois  .         Spirit   .     (no helmet)
rElec  .         Reflect  .     (no cloak)
rCorr  .         Harm     .     (no gloves)
MR     .....                    (no barding)
Stlth  +.........               (no amulet)
                                (no ring)
                                (no ring)

@: very quick
A: hooves 3, deformed body, speed 2, tough skin 3
a: no special abilities


You were on level 2 of the Dungeon.
You were hungry.

You visited 1 branch of the dungeon, and saw 3 of its levels.

You collected 122 gold pieces.

Inventory:

Hand Weapons
 a - a +1 shortbow
 b - a +0 short sword (weapon)
 e - a +0 dagger
 p - a +0 dagger
 s - a +0 dagger
 z - a +0 falchion
Missiles
 d - 26 arrows
 i - a throwing net (quivered)
 l - 122 stones
 x - 8 curare-tipped needles
Armour
 c - a +0 leather armour (worn)
 k - a +0 ring mail
 r - a +0 ring mail
 v - a +0 chain mail
 A - a +0 ring mail
 B - a +0 ring mail
Jewellery
 o - an uncursed amulet of guardian spirit {unknown}
Scrolls
 m - 2 scrolls of fog {unknown}
 n - 3 scrolls of remove curse {unknown}
 q - a scroll of magic mapping {unknown}
 t - a scroll of amnesia {unknown}
 y - a scroll of noise {unknown}
Potions
 g - a potion of curing {unknown}
 h - a potion of berserk rage {unknown}
 u - a potion of magic {unknown}
Comestibles
 f - 2 bread rations
 j - 2 meat rations


   Skills:
 - Level 2.0 Fighting
 - Level 3.0 Short Blades
 + Level 6.6 Bows
 - Level 1.3 Dodging
 - Level 0.4 Stealth


You had 3 spell levels left.
You didn't know any spells.

Dungeon Overview and Level Annotations

Branches:
Dungeon (3/15)

Altars:

Annotations:
D:3 Natasha


Innate Abilities, Weirdness & Mutations

You have hooves in place of feet.
Armour fits poorly on your strangely shaped body.
You cover ground very quickly.
You have extremely tough skin. (AC +3)


Message History

The gnoll is lightly wounded.
The gnoll closely misses you.
You hit the gnoll but do no damage. Your kick misses the gnoll.
The gnoll is lightly wounded.
The gnoll closely misses you.
You closely miss the gnoll.
The gnoll is lightly wounded.
The gnoll closely misses you.
You hit the gnoll.
The gnoll is moderately wounded.
The gnoll hits you with a spear.
* * * LOW HITPOINT WARNING * * *
The gnoll closely misses you.
The gnoll throws a stone.
The stone hits you.
* * * LOW HITPOINT WARNING * * *
You see here a stone.
The gnoll throws a stone.
The stone barely misses you.
You see here a stone.
The gnoll throws a stone.
The stone hits you!
You die...

#####.######## #######.#
#####(..##... ...# #.#
......(.##.## #..# #.#
#####..(....# #..# ####.#####
#...)...# ..# #.........
####....# #.## #.........
#######(##### #..# #.........
#.....g.#...####..# #.........
#..........((@....###.........
#.).....#...#####..#####.#####
#########...# ##.# #.# #...#
#.# #.# #...# #.# #.# #####
###.## #.# #....# #.# #....##
#.# #.....# #.#


You could see a gnoll.

Vanquished Creatures
  An iguana (D:2)
  2 adders (D:2)
  2 gnolls (D:2)
  An ooze (D:2)
  A worm (D:2)
  2 ball pythons (D:2)
  6 bats
  5 giant cockroaches
  5 goblins
  7 hobgoblins
  7 jackals
  4 kobolds
  A frilled lizard (D:2)
  2 rats (D:1)
46 creatures vanquished.

Notes
Turn   | Place    | Note
-------+----------+-------------------------------------------
     0 | D:1      | chlorine the Centaur Hunter began the quest for the Orb.
     0 | D:1      | Reached XP level 1. HP: 17/17 MP: 1/1
   175 | D:1      | Reached skill level 1 in Short Blades
   520 | D:1      | Reached XP level 2. HP: 24/24 MP: 2/2
  1615 | D:2      | Reached XP level 3. HP: 19/29 MP: 3/3
  1829 | D:3      | Noticed Natasha
  2395 | D:2      | Reached skill level 6 in Bows
  2539 | D:2      | Reached XP level 4. HP: 11/36 MP: 4/4
  2956 | D:2      | Hit by a stone thrown by a gnoll

Skill      XL: |  1  2  3  4 |
---------------+-------------+-----
Short Blades   | 1 2 3 |  3.0
Bows           | 6 |  6.6
Fighting       | |  2.0
Dodging        | |  1.3
Stealth        | |  0.4

Action                   |  1- 3 |  4- 6 || total
-------------------------+-------+-------++-------
Melee: Short sword       |    82 |    28 ||   110
       Kick              |    18 |     5 ||    23
 Fire: Shortbow          |    96 |    15 ||   111
  Eat: Chunk             |     3 |     1 ||     4
Armor: Leather armour    |    63 |     3 ||    66
Dodge: Dodged            |    96 |    22 ||   118
